TOP OF THE 1ST |
---|
Salem Silver Souls batting - Pitching for Beaumont Roughnecks : RHP Carlos Sánchez | Pitching: RHP Carlos Sánchez | | Batting: RHB Júlio Rodríguez | 0-0: Fly out, F8 (Flyball, 8LXD) | Batting: RHB Carlos Sánchez | 0-0: Swinging Strike 0-1: Ball 1-1: Ground out 6-3 (Groundball, 6S) | Batting: SHB Felipe Castro | 0-0: Ball 1-0: Ground out 4-3 (Groundball, 4) | Top of the 1st over - 0 runs, 0 hits, 0 errors, 0 left on base; Salem 0 - Beaumont 0 | BOTTOM OF THE 1ST |
---|
Beaumont Roughnecks batting - Pitching for Salem Silver Souls : LHP Jeff Brennan | Pitching: LHP Jeff Brennan | | Batting: RHB John James | 0-0: Called Strike 0-1: Swinging Strike 0-2: Ball 1-2: Ball 2-2: SOLO HOME RUN (Flyball, 89XD), Distance : 424 ft | Batting: RHB Michael Kent | 0-0: Swinging Strike 0-1: Ball 1-1: Ball 2-1: Called Strike 2-2: Ground out U3 (Groundball, 3) | Batting: RHB Roger Rush | 0-0: Ball 1-0: Ground out 6-3 (Groundball, 6M) | Batting: RHB Si-xun Li | 0-0: Foul Ball, location: 2F 0-1: Called Strike 0-2: DOUBLE (Line Drive, 78XD) | Batting: LHB Enrique Cruz | 0-0: Called Strike 0-1: Foul Ball, location: 2F 0-2: Foul Ball, location: 2F 0-2: Ball 1-2: Fly out, F7 (Flyball, 7LSF) | Bottom of the 1st over - 1 run, 2 hits, 0 errors, 1 left on base; Salem 0 - Beaumont 1 | TOP OF THE 2ND |
---|
Salem Silver Souls batting - Pitching for Beaumont Roughnecks : RHP Carlos Sánchez | Batting: LHB Jeff Forsyth | 0-0: Ball 1-0: Foul Ball, location: 2F 1-1: Ball 2-1: Ball 3-1: SINGLE (Groundball, 34) (infield hit) | Batting: SHB Dale Winters | 0-0: Called Strike 0-1: Ball 1-1: Ball 2-1: Foul Ball, location: 2F 2-2: SINGLE (Line Drive, 4MD) Jeff Forsyth to second | Batting: LHB Hamilton Hughes | 0-0: SINGLE (Groundball, 56D) Jeff Forsyth to third Dale Winters to second Runner from 3rd tries for Home, throw and OUT! Dale Winters to third Hamilton Hughes to second | Batting: SHB Dawson Fowler | 0-0: Ball 1-0: Ball 2-0: Swinging Strike 2-1: Foul Ball, location: 2F 2-2: Ground out 3-1 (Groundball, 34) Dale Winters scores Hamilton Hughes to third | Batting: RHB José Dávila | 0-0: Ball 1-0: Ball 2-0: Foul Ball, location: 2F 2-1: Ball 3-1: Base on Balls | Batting: SHB Caleb Hart | 0-0: Ball 1-0: Ball 2-0: Called Strike 2-1: Ball 3-1: Base on Balls José Dávila to second | Batting: RHB Júlio Rodríguez | 0-0: Ball 1-0: Foul Ball, location: 2F 1-1: Swinging Strike 1-2: Strikes out swinging | Top of the 2nd over - 1 run, 3 hits, 0 errors, 3 left on base; Salem 1 - Beaumont 1 | BOTTOM OF THE 2ND |
---|
Beaumont Roughnecks batting - Pitching for Salem Silver Souls : LHP Jeff Brennan | Batting: RHB Darwin Crane | 0-0: Called Strike 0-1: Swinging Strike 0-2: DOUBLE (Line Drive, 89M) | Batting: RHB António Aguilar | 0-0: Ball 1-0: Ball 2-0: Ball 3-0: Base on Balls | Batting: RHB Miguel Costa | 0-0: Called Strike 0-1: Called Strike 0-2: DOUBLE (Line Drive, 7LM) Darwin Crane scores António Aguilar to third Runner from 3rd tries for Home, SAFE, no throw | Batting: SHB Walton Locke | 0-0: Ball 1-0: Foul Ball, location: 2F 1-1: Ball 2-1: Called Strike 2-2: Ball 3-2: SINGLE (Line Drive, 7LS) Miguel Costa to third | Batting: RHB John James | 0-0: Called Strike 0-1: Swinging Strike 0-2: Ball Wild Pitch! Miguel Costa scores Walton Locke to second 1-2: Ground out 5-3 (Groundball, 5) | Batting: RHB Michael Kent | 0-0: Foul Ball, location: 2F 0-1: Swinging Strike 0-2: Ball 1-2: Fly out, F4 (Flyball, 34D) | Batting: RHB Roger Rush | 0-0: Ball 1-0: Ball 2-0: Called Strike 2-1: Fly out, F7 (Flyball, 7LMF) | Bottom of the 2nd over - 3 runs, 3 hits, 0 errors, 1 left on base; Salem 1 - Beaumont 4 | TOP OF THE 3RD |
---|
Salem Silver Souls batting - Pitching for Beaumont Roughnecks : RHP Carlos Sánchez | Batting: RHB Carlos Sánchez | 0-0: Bunt for hit - play at first, batter OUT! 1-3 | Batting: SHB Felipe Castro | 0-0: Called Strike 0-1: Ball 1-1: SINGLE (Groundball, 56) (infield hit) | Batting: LHB Jeff Forsyth | 0-0: Called Strike 0-1: Foul Ball, location: 2F 0-2: Ball 1-2: SINGLE (Line Drive, 56D) Felipe Castro to second | Batting: SHB Dale Winters | 0-0: Called Strike 0-1: Ball 1-1: Ball 2-1: SINGLE (Line Drive, 9LS) Felipe Castro to third Jeff Forsyth to second Runner from 3rd tries for Home, SAFE, no throw | Batting: LHB Hamilton Hughes | 0-0: Foul Ball, location: 2F 0-1: Foul Ball, location: 2F 0-2: SINGLE (Flyball, 8RS) Jeff Forsyth to third Dale Winters to second | Batting: SHB Dawson Fowler | 0-0: Ball 1-0: Grounds into double play, 4-6-3 (Groundball, 4) | Top of the 3rd over - 1 run, 4 hits, 0 errors, 2 left on base; Salem 2 - Beaumont 4 | BOTTOM OF THE 3RD |
---|
Beaumont Roughnecks batting - Pitching for Salem Silver Souls : LHP Jeff Brennan | Batting: RHB Si-xun Li | 0-0: Ground out 1-3 (Groundball, 13) | Batting: LHB Enrique Cruz | 0-0: Ball 1-0: Swinging Strike 1-1: Swinging Strike 1-2: Ball 2-2: Strikes out looking | Batting: RHB Darwin Crane | 0-0: Ground out 6-3 (Groundball, 56D) | Bottom of the 3rd over - 0 runs, 0 hits, 0 errors, 0 left on base; Salem 2 - Beaumont 4 | TOP OF THE 4TH |
---|
Salem Silver Souls batting - Pitching for Beaumont Roughnecks : RHP Carlos Sánchez | Batting: RHB José Dávila | 0-0: Foul Ball, location: 2F 0-1: Ball 1-1: Called Strike 1-2: Ball 2-2: Ball 3-2: Strikes out swinging | Batting: SHB Caleb Hart | 0-0: Called Strike 0-1: Swinging Strike 0-2: Ball 1-2: Ball 2-2: Foul Ball, location: 2F 2-2: Ground out 4-3 (Groundball, 4) | Batting: RHB Júlio Rodríguez | 0-0: Ground out 5-3 (Groundball, 56) | Top of the 4th over - 0 runs, 0 hits, 0 errors, 0 left on base; Salem 2 - Beaumont 4 | BOTTOM OF THE 4TH |
---|
Beaumont Roughnecks batting - Pitching for Salem Silver Souls : LHP Jeff Brennan | Batting: RHB António Aguilar | 0-0: Called Strike 0-1: Ball 1-1: Called Strike 1-2: Strikes out looking | Batting: RHB Miguel Costa | 0-0: Called Strike 0-1: Foul Ball, location: 2F 0-2: Ball 1-2: Foul Ball, location: 2F 1-2: Foul Ball, location: 2F 1-2: Ball 2-2: DOUBLE (Line Drive, 8RD) | Batting: SHB Walton Locke | 0-0: Foul Ball, location: 2F 0-1: Foul Ball, location: 2F 0-2: SINGLE (Line Drive, 7LS) Miguel Costa to third Runner from 3rd tries for Home, throw and OUT! | Batting: RHB John James | 0-0: Called Strike 0-1: Foul Ball, location: 2F 0-2: Strikes out swinging | Bottom of the 4th over - 0 runs, 2 hits, 0 errors, 1 left on base; Salem 2 - Beaumont 4 | TOP OF THE 5TH |
---|
Salem Silver Souls batting - Pitching for Beaumont Roughnecks : RHP Carlos Sánchez | Batting: RHB Carlos Sánchez | 0-0: Ball 1-0: Called Strike 1-1: Fly out, F7 (Line Drive, 78M) | Batting: SHB Felipe Castro | 0-0: DOUBLE (Line Drive, 9LD) | Batting: LHB Jeff Forsyth | 0-0: Ball 1-0: Swinging Strike 1-1: Ball 2-1: Ball 3-1: Swinging Strike 3-2: Foul Ball, location: 2F 3-2: Base on Balls | Batting: SHB Dale Winters | 0-0: Called Strike 0-1: Foul Ball, location: 2F 0-2: Ball 1-2: Fielders Choice at 2nd, 3-6 (Groundball, 3) Felipe Castro to third | Batting: LHB Hamilton Hughes | 0-0: Foul Ball, location: 2F 0-1: Swinging Strike 0-2: Ball 1-2: Ball 2-2: Strikes out looking | Top of the 5th over - 0 runs, 1 hit, 0 errors, 2 left on base; Salem 2 - Beaumont 4 | BOTTOM OF THE 5TH |
---|
Beaumont Roughnecks batting - Pitching for Salem Silver Souls : LHP Jeff Brennan | Batting: RHB Michael Kent | 0-0: Ball 1-0: Foul Ball, location: 2F 1-1: Ball 2-1: Foul Ball, location: 2F 2-2: Foul Ball, location: 2F 2-2: Foul Ball, location: 2F 2-2: Ball 3-2: Foul Ball, location: 2F 3-2: SINGLE (Groundball, 34D) | Pitching: LHP Reynaldo Vázquez | | Batting: RHB Roger Rush | 0-0: Called Strike 0-1: Ball 1-1: Ball 2-1: Ball 3-1: Base on Balls Michael Kent to second | Batting: RHB Si-xun Li | 0-0: Called Strike 0-1: Swinging Strike 0-2: Foul Ball, location: 2F 0-2: Ball 1-2: Ball 2-2: Foul Ball, location: 2F 2-2: Foul Ball, location: 2F 2-2: Ball 3-2: Base on Balls Michael Kent to third Roger Rush to second | Batting: LHB Enrique Cruz | 0-0: Called Strike 0-1: Ball 1-1: Grounds into double play, 3-2-3 (Groundball, 3L) Roger Rush to third Si-xun Li to second | Batting: RHB Darwin Crane | 0-0: Ball 1-0: Ground out 6-3 (Groundball, 6) | Bottom of the 5th over - 0 runs, 1 hit, 0 errors, 2 left on base; Salem 2 - Beaumont 4 | TOP OF THE 6TH |
---|
Salem Silver Souls batting - Pitching for Beaumont Roughnecks : RHP Carlos Sánchez | Pitching: RHP César Sánchez | | Batting: SHB Dawson Fowler | 0-0: Bunt for hit - play at first, batter safe! | Pinch Runner at 1st Felipe Rivera: | | Batting: RHB José Dávila | 0-0: Ball 1-0: Ball 2-0: Grounds into double play, 6-4-3 (Groundball, 6M) | Batting: SHB Caleb Hart | 0-0: Called Strike 0-1: Called Strike 0-2: Strikes out swinging | Top of the 6th over - 0 runs, 1 hit, 0 errors, 0 left on base; Salem 2 - Beaumont 4 | BOTTOM OF THE 6TH |
---|
Beaumont Roughnecks batting - Pitching for Salem Silver Souls : LHP Reynaldo Vázquez | Now in RF: Felipe Rivera | | Batting: RHB António Aguilar | 0-0: Called Strike 0-1: Ball 1-1: Swinging Strike 1-2: Ball 2-2: Foul Ball, location: 2F 2-2: Foul Ball, location: 2F 2-2: Foul Ball, location: 2F 2-2: TRIPLE (Flyball, 78XD) | Batting: RHB Miguel Costa | 0-0: Fly out, F7 (Flyball, 78M) Runner from 3rd tags up, OUT at HOME | Batting: SHB Walton Locke | 0-0: Ball 1-0: Ball 2-0: Ball 3-0: Called Strike 3-1: Foul Ball, location: 2F 3-2: Fly out, F9 (Flyball, 9D) | Bottom of the 6th over - 0 runs, 1 hit, 0 errors, 0 left on base; Salem 2 - Beaumont 4 | TOP OF THE 7TH |
---|
Salem Silver Souls batting - Pitching for Beaumont Roughnecks : RHP César Sánchez | Batting: RHB Júlio Rodríguez | 0-0: Called Strike 0-1: Ball 1-1: Ground out 4-3 (Groundball, 34) | Batting: RHB Carlos Sánchez | 0-0: Called Strike 0-1: Ball 1-1: SOLO HOME RUN (Line Drive, 78XD), Distance : 429 ft | Batting: SHB Felipe Castro | 0-0: Ball 1-0: Foul Ball, location: 2F 1-1: Called Strike 1-2: Reached on error, E4 (Groundball, 4) | Batting: LHB Jeff Forsyth | 0-0: Called Strike 0-1: Ball 1-1: Called Strike 1-2: Ball 2-2: Fly out, F8 (Flyball, 8LD) | Pinch Runner at 1st Chris White: | | Pinch Hitting: LHB Howard Holder | 0-0: Called Strike Chris White steals 2nd base 0-1: Ball 1-1: Ball 2-1: Called Strike 2-2: Foul Ball, location: 2F 2-2: Foul Ball, location: 2F 2-2: Foul Ball, location: 2F 2-2: Foul Ball, location: 2F 2-2: DOUBLE (Flyball, 8LXD) Chris White scores | Batting: LHB Hamilton Hughes | 0-0: Foul Ball, location: 2F 0-1: Ball 1-1: Ball 2-1: Ball 3-1: Foul Ball, location: 2F 3-2: Foul Ball, location: 2F 3-2: Foul Ball, location: 2F 3-2: Foul Ball, location: 2F 3-2: Base on Balls | Pinch Runner at 2nd Juan Becerra: | | Pinch Hitting: SHB Tony Yan | 0-0: Ground out 4-3 (Groundball, 34D) | Top of the 7th over - 2 runs, 2 hits, 1 error, 2 left on base; Salem 4 - Beaumont 4 | BOTTOM OF THE 7TH |
---|
Beaumont Roughnecks batting - Pitching for Salem Silver Souls : LHP Reynaldo Vázquez | Pitching: RHP Esteve Gabirra | | Now at SS: Juan Becerra | | Now in RF: Alberto Sandoval | | Batting: RHB John James | 0-0: Called Strike 0-1: Ground out U3 (Groundball, 3S) | Batting: RHB Michael Kent | 0-0: Ball 1-0: Ball 2-0: Foul Ball, location: 2F 2-1: Called Strike 2-2: SINGLE (Groundball, 4MD) | Batting: RHB Roger Rush | 0-0: Ball 1-0: Ball 2-0: Called Strike 2-1: Swinging Strike 2-2: Foul Ball, location: 2F 2-2: Ball 3-2: Fly out, F5 (Line Drive, 5L) | Batting: RHB Si-xun Li | 0-0: Called Strike 0-1: Called Strike 0-2: Ball 1-2: Ball 2-2: Strikes out swinging | Bottom of the 7th over - 0 runs, 1 hit, 0 errors, 1 left on base; Salem 4 - Beaumont 4 | TOP OF THE 8TH |
---|
Salem Silver Souls batting - Pitching for Beaumont Roughnecks : RHP César Sánchez | Pitching: RHP Ralph Miller | | Pinch Hitting: SHB Jesús Sosa | 0-0: Ball 1-0: Foul Ball, location: 2F 1-1: Ball 2-1: SINGLE (Groundball, 6MD) | Batting: SHB Caleb Hart | 0-0: Bunted foul 0-1: Sac Bunt - play at first, batter OUT! U3 Jesús Sosa to second | Batting: RHB Júlio Rodríguez | 0-0: Ball 1-0: Ball 2-0: Ball 3-0: Base on Balls | Batting: RHB Carlos Sánchez | 0-0: Foul Ball, location: 2F 0-1: Ball 1-1: SINGLE (Line Drive, 6MD) Jesús Sosa to third Júlio Rodríguez to second | Batting: LHB Chris White | 0-0: Foul Ball, location: 2F 0-1: Swinging Strike 0-2: Ball 1-2: Strikes out swinging | Batting: LHB Jeff Forsyth | 0-0: Ball 1-0: Ball 2-0: Called Strike 2-1: Ball 3-1: Swinging Strike 3-2: Base on Balls Jesús Sosa scores Júlio Rodríguez to third Carlos Sánchez to second | Batting: RHB Juan Becerra | 0-0: Called Strike 0-1: Ball 1-1: Ball 2-1: Swinging Strike 2-2: Ball 3-2: Strikes out swinging | Top of the 8th over - 1 run, 2 hits, 0 errors, 3 left on base; Salem 5 - Beaumont 4 | BOTTOM OF THE 8TH |
---|
Beaumont Roughnecks batting - Pitching for Salem Silver Souls : RHP Esteve Gabirra | Pitching: RHP Roberto Deleón | | Now in CF: Jesús Sosa | | Batting: LHB Enrique Cruz | 0-0: Swinging Strike 0-1: Swinging Strike 0-2: Ball 1-2: Ball 2-2: Foul Ball, location: 2F 2-2: Strikes out swinging | Batting: RHB Darwin Crane | 0-0: Ground out 5-3 (Groundball, 56D) | Batting: RHB António Aguilar | 0-0: Called Strike 0-1: Foul Ball, location: 2F 0-2: Ball 1-2: SINGLE (Groundball, 4MD) | Batting: RHB Miguel Costa | 0-0: Called Strike 0-1: Foul Ball, location: 2F 0-2: Foul Ball, location: 2F 0-2: Foul Ball, location: 2F 0-2: Ground out 6-3 (Groundball, 56) | Bottom of the 8th over - 0 runs, 1 hit, 0 errors, 1 left on base; Salem 5 - Beaumont 4 | TOP OF THE 9TH |
---|
Salem Silver Souls batting - Pitching for Beaumont Roughnecks : RHP Ralph Miller | Batting: LHB Hamilton Hughes | 0-0: SOLO HOME RUN (Flyball, 9D), Distance : 399 ft | Batting: SHB Alberto Sandoval | 0-0: Called Strike 0-1: Ball 1-1: Swinging Strike 1-2: Ball 2-2: SINGLE (Groundball, 34D) | Batting: SHB Jesús Sosa | 0-0: Ball 1-0: Foul Ball, location: 2F 1-1: Ball Alberto Sandoval is caught stealing 2nd base 2-1: Ground out 6-3 (Groundball, 56) | Batting: SHB Caleb Hart | 0-0: SOLO HOME RUN (Line Drive, 89XD), Distance : 420 ft | Pitching: LHP Mark De Jesús | | Batting: RHB Júlio Rodríguez | 0-0: Called Strike 0-1: Ball 1-1: Ball 2-1: Ball 3-1: Fly out, F7 (Flyball, 7S) | Top of the 9th over - 2 runs, 3 hits, 0 errors, 0 left on base; Salem 7 - Beaumont 4 | BOTTOM OF THE 9TH |
---|
Beaumont Roughnecks batting - Pitching for Salem Silver Souls : RHP Roberto Deleón | Batting: SHB Walton Locke | 0-0: Ball 1-0: Foul Ball, location: 2F 1-1: Called Strike 1-2: Strikes out swinging | Batting: RHB John James | 0-0: Called Strike 0-1: Called Strike 0-2: Ball 1-2: Foul Ball, location: 2F 1-2: Fly out, F9 (Line Drive, 9) | Batting: RHB Michael Kent | 0-0: Ball 1-0: Ball 2-0: Ball 3-0: Called Strike 3-1: Called Strike 3-2: Strikes out looking | Bottom of the 9th over - 0 runs, 0 hits, 0 errors, 0 left on base; Salem 7 - Beaumont 4 | |